 Dungeon Crawl Stone Soup version 0.20.0-7-g3b7b877 (webtiles) character file.

239 Ijustatesigmund the Sneak (level 6, 0/43 HPs)
             Began as an Octopode Assassin on May 29, 2017.
             Slain by a hobgoblin
             ... wielding a +0 club
             ... led by Robin
              (5 damage)
             ... on level 4 of the Dungeon.
             The game lasted 00:06:08 (2573 turns).

Ijustatesigmund the Sneak (Octopode Assassin)       Turns: 2573, Time: 00:06:09

Health: 0/43       AC:  1    Str: 10    XL:     6   Next: 7%
Magic:  6/6        EV: 15    Int: 14    God:
Gold:   143        SH:  0    Dex: 15    Spells: 5/5 levels left

rFire    . . .     SeeInvis .   a - +2 dagger
rCold    . . .     Gourm    .   (no shield)
rNeg     . . .     Faith    .   (helmet restricted)
rPois    .         Spirit   .   (no amulet)
rElec    .         Reflect  .   h - ring of stealth
rCorr    .         Harm     .   (no ring)
MR       .....                  (no ring)
Stlth    +++++.....             (no ring)
Regen    0.2/turn               (no ring)
MPRegen  0.1/turn               (no ring)
                                (no ring)
                                (no ring)

@: hasted, very quick
A: almost no armour, stealthy swim, amphibious, 8 rings, constrict 8, camouflage
1, gelatinous body 1
a: no special abilities


You were on level 4 of the Dungeon.
You were not hungry.

You visited 1 branch of the dungeon, and saw 4 of its levels.

You collected 143 gold pieces.

Inventory:

Hand Weapons
 a - a +2 dagger (weapon)
 b - a +0 blowgun
Missiles
 c - 20 poisoned needles
 d - 2 curare-tipped needles
Jewellery
 h - a ring of stealth (left tentacle)
Scrolls
 k - a scroll of teleportation
Potions
 e - a potion of lignification
 j - a potion of heal wounds {unknown}
 l - a potion of brilliance {unknown}
 m - a potion of degeneration {unknown}
 o - a potion of curing {unknown}
 p - a potion of agility {unknown}
 r - 2 potions of magic {unknown}
Books
 q - a book of Changes

   Spells                             Type                      Level
   a - Beastly Appendage              Transmutation                1
   b - Sticks to Snakes               Transmutation                2
   c - Spider Form                    Transmutation/Poison         3
   d - Ice Form                       Ice/Transmutation            4
   e - Blade Hands                    Transmutation                5
Comestibles
 f - 3 bread rations
 n - a meat ration


   Skills:
 + Level 4.0 Fighting
 - Level 2.0 Short Blades
 - Level 2.0 Throwing
 + Level 3.7 Dodging
 + Level 6.5 Stealth


You had 5 spell levels left.
You didn't know any spells.

Dungeon Overview and Level Annotations

Branches:
Dungeon (4/15)
 Temple: D:4-7

Altars:
Kikubaaqudgha

Annotations:
D:4 Robin


Innate Abilities, Weirdness & Mutations

You cannot wear most types of armour.
You are very stealthy in the water. (Stealth+)
You are amphibious.
You can wear up to eight rings at the same time.
You can use your tentacles to constrict eight enemies at once.
Your skin changes colour to match your surroundings (Stealth+).
Your rubbery body absorbs attacks. (AC +1, EV +1)


Message History

The hobgoblin closely misses you. The goblin misses you.
The hobgoblin misses you.
You closely miss the goblin. You grab the goblin. You constrict the goblin.
The hobgoblin hits you with a club! The goblin hits you with a dagger.
The hobgoblin hits you.
* * * LOW HITPOINT WARNING * * *
The goblin closely misses you. Robin throws the goblin at you!
* * * LOW HITPOINT WARNING * * *
You are too injured to fight recklessly!
You are too injured to fight recklessly!
You are too injured to fight recklessly!
You are too injured to fight recklessly!
You are too injured to fight recklessly!
You are too injured to fight recklessly!
You are too injured to fight recklessly!
You are too injured to fight recklessly!
It was a potion of haste.
You feel yourself speed up.
You constrict the goblin.
You kill the goblin!
The hobgoblin hits you with a club.
You die...

.....
#.#.######.#
#.#........#
#.#..#######
#.........<#
##..########
#.........
#ggg######
#@#>.....Z
#...)gg..#####
#..ggg...#
...........#
...........#
...........#
...........#
...........#


You could see Robin, 3 hobgoblins and 4 goblins.

Vanquished Creatures
  2 vampire bats (D:3)
  2 orc priests (D:3)
  3 adders
  An adder skeleton (D:2)
  A worm (D:2)
  3 dart slugs
  A leopard gecko (D:1)
  3 orcs (D:3)
  2 bat skeletons (D:3)
  6 bat zombies
  A giant cockroach (D:2)
  5 hobgoblins
  A ball python (D:1)
  5 bats
  7 frilled lizards
  7 goblins
  7 kobolds
  8 rats
65 creatures vanquished.

Notes
Turn   | Place    | Note
-------+----------+-------------------------------------------
     0 | D:1      | Ijustatesigmund the Octopode Assassin began the quest for the Orb.
     0 | D:1      | Reached XP level 1. HP: 14/14 MP: 1/1
   374 | D:1      | Reached XP level 2. HP: 20/20 MP: 2/2
   978 | D:2      | Reached XP level 3. HP: 24/25 MP: 3/3
  1629 | D:3      | Reached XP level 4. HP: 31/31 MP: 4/4
  1707 | D:3      | Reached XP level 5. HP: 21/36 MP: 5/5
  1917 | D:3      | Found a faded altar of an unknown god.
  1969 | D:3      | Reached skill level 6 in Stealth
  2315 | D:3      | Found an ancient bone altar of Kikubaaqudgha.
  2345 | D:3      | Reached XP level 6. HP: 22/43 MP: 6/6
  2561 | D:4      | Noticed Robin
  2573 | D:4      | Slain by a hobgoblin

Skill      XL: |  1  2  3  4  5 |
---------------+----------------+-----
Dodging        | 2 3 |  3.7
Fighting       | 3 4 |  4.0
Stealth        | 6 |  6.5
Short Blades   | |  2.0
Throwing       | |  2.0

Action                   |  1- 3 |  4- 6 || total
-------------------------+-------+-------++-------
Melee: Dagger            |    69 |    58 ||   127
       Constrict         |    13 |    15 ||    28
       Tentacles         |     4 |     6 ||    10
  Use: Scroll            |     3 |     1 ||     4
       Potion            |       |     1 ||     1
 Stab: Sleeping          |    21 |     8 ||    29
       Distracted        |     1 |       ||     1
  Eat: Chunk             |     1 |     2 ||     3
       Royal jelly       |       |     1 ||     1
Armor: Skin              |     3 |    14 ||    17
Dodge: Dodged            |    31 |    76 ||   107
